 Dungeon Crawl Stone Soup version 0.23.0 (webtiles) character file.

Game seed: 550838818985030579

240 tidbits the Charmwright (level 6, -2/50 HPs)
             Began as a Gnoll Skald on Feb 14, 2019.
             Slain by Menkaure (11 damage)
             ... on level 4 of the Dungeon.
             The game lasted 00:04:56 (546 turns).

tidbits the Charmwright (Gnoll Skald)                Turns: 546, Time: 00:04:58

Health: -2/50      AC:  4    Str: 14    XL:     6   Next: 8%
Magic:  9/13       EV: 14    Int: 22    God:
Gold:   62         SH:  0    Dex: 14    Spells: 4/15 levels left

rFire    . . .     SeeInvis .   a - +0 spear
rCold    . . .     Gourm    .   (no shield)
rNeg     . . .     Faith    .   b - +0 leather armour
rPois    .         Spirit   .   E - +0 helmet
rElec    .         Reflect  .   (no cloak)
rCorr    .         Harm     .   (no gloves)
MR       .....                  (no boots)
Stlth    ++........             (no amulet)
HPRegen  0.16/turn              l - +5 ring of intelligence
MPRegen  0.13/turn              (no ring)

@: no status effects
A: distributed training, fangs 1, strong nose
a: no special abilities


You were on level 4 of the Dungeon.
You were not hungry.

You visited 1 branch of the dungeon, and saw 5 of its levels.

You collected 62 gold pieces.

Inventory:

Hand Weapons
 a - a +0 spear (weapon)
 f - a +0 dagger
 j - a +0 war axe
Missiles
 n - 9 arrows
Armour
 b - a +0 leather armour (worn)
 E - a +0 helmet (worn)
Jewellery
 l - a +5 ring of intelligence (left hand)
   (You found it on level 3 of the Dungeon)
Scrolls
 e - a scroll of enchant weapon {unknown}
 g - 2 scrolls of identify {unknown}
 h - a scroll of magic mapping {unknown}
 o - a scroll of blinking {unknown}
Potions
 c - 2 potions of curing
 i - a potion of cancellation {unknown}
 k - a potion of resistance {unknown}
 m - a potion of mutation {unknown}
Comestibles
 d - 4 rations


   Skills:
 + Level 4.9 Fighting
 + Level 1.7 Short Blades
 + Level 1.7 Long Blades
 + Level 1.7 Axes
 + Level 1.7 Maces & Flails
 + Level 4.9 Polearms
 + Level 1.7 Staves
 + Level 1.7 Slings
 + Level 1.7 Bows
 + Level 1.7 Crossbows
 + Level 1.7 Throwing
 + Level 3.1 Armour
 + Level 4.9 Dodging
 + Level 1.7 Stealth
 + Level 1.7 Shields
 + Level 1.7 Unarmed Combat
 + Level 5.3 Spellcasting
 + Level 1.3 Conjurations
 + Level 1.3 Hexes
 + Level 5.6 Charms
 + Level 1.3 Summonings
 + Level 1.3 Necromancy
 + Level 1.3 Translocations
 + Level 1.3 Transmutations
 + Level 1.3 Fire Magic
 + Level 1.3 Ice Magic
 + Level 1.3 Air Magic
 + Level 1.3 Earth Magic
 + Level 1.3 Poison Magic
 + Level 2.0 Invocations
 + Level 1.7 Evocations


You had 4 spell levels left.
You knew the following spells:

 Your Spells              Type           Power        Failure   Level  Hunger
g - Shroud of Golubria    Chrm/Tloc      ###.......   4%          2    None
i - Infusion              Chrm           ####         1%          1    None
r - Regeneration          Chrm/Necr      ###.......   9%          3    ##.....
w - Spectral Weapon       Hex/Chrm       ###.....     9%          3    ##.....
y - Song of Slaying       Chrm           ####....     1%          2    None

Your spell library contained the following spells:

 Spells                   Type           Power        Failure   Level  Hunger


Dungeon Overview and Level Annotations

Branches:
Dungeon (5/15)
 Temple: D:4-7

Altars:

Annotations:
D:4 Menkaure


Innate Abilities, Weirdness & Mutations

Your experience applies equally to all skills.
You have very sharp teeth.
Your uncanny sense of smell can sniff out nearby items.


Message History

o - a scroll labeled DEOLUH WIL VIT
Found 28 gold pieces.
Found a stone staircase leading down.
You see here 14 gold pieces.
You now have 48 gold pieces (gained 14).
You see here 14 gold pieces.
You now have 62 gold pieces (gained 14).
There is a stone staircase leading down here.
You climb downwards. 3 gnolls come into view.
The gnoll shouts! x3; You hear a shout!
There is a stone staircase leading up here.
Unknown command.
You climb upwards.
There is a stone staircase leading down here.
Unknown command.
An ogre comes into view. It is wielding a +0 giant spiked club.
Casting: Spectral Weapon (safe; 10% risk of failure)
Confirm with . or Enter, or press ? or * to list all spells.
You draw out your weapon's spirit!
The ogre hits you with a +0 giant spiked club!
* * * LOW HITPOINT WARNING * * *
It was a potion of curing.
You feel better.
You hit the ogre.
The ogre is moderately wounded.
Your spectral weapon hits the ogre from afar.
The ogre misses you.
You hit the ogre but do no damage. You bite the ogre, but do no damage.
The ogre is moderately wounded.
Your spectral weapon hits the ogre from afar.
You hit the ogre.
The ogre is severely wounded.
Your spectral weapon hits the ogre from afar!
You kill the ogre!
Your Invocations skill increases to level 2!
You have reached level 6!
Your experience leads to an increase in your attributes!
Your base attributes are Str 14, Int 16, Dex 14.
Increase (S)trength, (I)ntelligence, or (D)exterity?
You feel clever.
Unknown command.
You see here a +0 giant spiked club.
Menkaure, Prince of Dust comes into view.
Menkaure shouts!
Found a scroll labeled WEICINI BOLEB.
Unknown command.
Menkaure misses you.
Unknown command.
You hit Menkaure. Your bite misses Menkaure.
Menkaure is lightly damaged.
Your spectral weapon hits Menkaure but does no damage.
Menkaure closely misses you.
You hit Menkaure but do no damage. You bite Menkaure, but do no damage.
Menkaure is lightly damaged.
Your spectral weapon barely misses Menkaure.
You hit Menkaure.
Menkaure is moderately damaged.
Your spectral weapon hits Menkaure from afar.
Menkaure misses you.
You hit Menkaure but do no damage.
Menkaure is moderately damaged.
Your spectral weapon barely misses Menkaure.
Menkaure gestures ominously.
Menkaure completely misses you.
You hit Menkaure but do no damage.
Menkaure is moderately damaged.
Your spectral weapon hits Menkaure from afar.
Menkaure closely misses you.
You barely miss Menkaure.
Menkaure is heavily damaged.
Your spectral weapon barely misses Menkaure.
You barely miss Menkaure.
Menkaure is heavily damaged.
Your spectral weapon hits Menkaure but does no damage.
Menkaure hits you!!
* * * LOW HITPOINT WARNING * * *
You hit Menkaure but do no damage.
Menkaure is heavily damaged.
Your spectral weapon hits Menkaure from afar.
Menkaure closely misses you.
You hit Menkaure but do no damage.
Menkaure is heavily damaged.
Your spectral weapon hits Menkaure but does no damage.
You barely miss Menkaure.
Menkaure is heavily damaged.
Your spectral weapon hits Menkaure from afar!
Menkaure hits you!
* * * LOW HITPOINT WARNING * * *
You hit Menkaure but do no damage.
Menkaure is almost destroyed.
Your spectral weapon barely misses Menkaure.
Menkaure closely misses you.
You hit Menkaure but do no damage. You bite Menkaure, but do no damage.
Menkaure is almost destroyed.
Your spectral weapon hits Menkaure but does no damage.
You barely miss Menkaure.
Menkaure is almost destroyed.
Your spectral weapon completely misses Menkaure.
Menkaure hits you!
You die...

#.# #.. ### #####
#... ########.#
####......(@#
#.......###.M.?....
#.##.##)# #.#####.#
#. #.##.# #.# #. #.
#..#.# #.. #.
#.###.#.#####
#####.## #........#
......## ##.......#
##.....# #.......#
.###.......


You could see Menkaure and a friendly spectral +0 spear.

Vanquished Creatures
  A phantom (D:4)
  An ogre (D:4)
  A worker ant (D:4)
  2 adders
  An adder skeleton (D:4)
  A worm (D:2)
  A dart slug (D:2)
  2 leopard geckos
  2 orcs
  3 bats
  2 giant cockroaches
  A goblin (D:2)
  4 hobgoblins (D:1)
  2 kobolds
  3 rats
27 creatures vanquished.

Notes
Turn   | Place    | Note
-------+----------+-------------------------------------------
     0 | D:1      | tidbits the Gnoll Skald began the quest for the Orb.
     0 | D:1      | Reached XP level 1. HP: 20/20 MP: 6/6
    83 | D:2      | Reached XP level 2. HP: 26/26 MP: 2/7
    87 | D:2      | Learned a level 2 spell: Song of Slaying
    90 | D:2      | Learned a level 2 spell: Shroud of Golubria
   152 | D:2      | Reached XP level 3. HP: 25/31 MP: 5/9
   157 | D:2      | Learned a level 3 spell: Regeneration
   161 | D:2      | Learned a level 3 spell: Spectral Weapon
   176 | D:2      | Reached skill level 5 in Spellcasting
   329 | D:3      | Reached skill level 1 in Invocations
   399 | D:4      | Reached skill level 1 in Short Blades
   399 | D:4      | Reached skill level 1 in Long Blades
   399 | D:4      | Reached skill level 1 in Axes
   399 | D:4      | Reached skill level 1 in Maces & Flails
   399 | D:4      | Reached skill level 1 in Staves
   399 | D:4      | Reached skill level 1 in Slings
   399 | D:4      | Reached skill level 1 in Bows
   399 | D:4      | Reached skill level 1 in Crossbows
   399 | D:4      | Reached skill level 1 in Throwing
   399 | D:4      | Reached skill level 1 in Stealth
   399 | D:4      | Reached skill level 1 in Shields
   399 | D:4      | Reached skill level 1 in Unarmed Combat
   399 | D:4      | Reached skill level 1 in Evocations
   399 | D:4      | Reached XP level 4. HP: 34/38 MP: 3/11
   400 | D:4      | Noticed a phantom
   474 | D:4      | Killed a phantom
   474 | D:4      | Reached skill level 3 in Armour
   474 | D:4      | Reached skill level 1 in Conjurations
   474 | D:4      | Reached skill level 1 in Hexes
   474 | D:4      | Reached skill level 1 in Summonings
   474 | D:4      | Reached skill level 1 in Necromancy
   474 | D:4      | Reached skill level 1 in Translocations
   474 | D:4      | Reached skill level 1 in Transmutations
   474 | D:4      | Reached skill level 1 in Fire Magic
   474 | D:4      | Reached skill level 1 in Ice Magic
   474 | D:4      | Reached skill level 1 in Air Magic
   474 | D:4      | Reached skill level 1 in Earth Magic
   474 | D:4      | Reached skill level 1 in Poison Magic
   474 | D:4      | Reached XP level 5. HP: 28/43 MP: 3/12
   513 | D:5      | Entered Level 5 of the Dungeon
   522 | D:4      | Noticed an ogre
   527 | D:4      | Killed an ogre
   527 | D:4      | Reached skill level 2 in Invocations
   527 | D:4      | Reached XP level 6. HP: 34/50 MP: 7/13
   530 | D:4      | Noticed Menkaure
   543 | D:4      | HP: 9/50 [Menkaure (10)]
   546 | D:4      | Slain by Menkaure

Skill      XL: |  1  2  3  4  5 |
---------------+----------------+-----
Spellcasting   | 5 |  5.3
Invocations    | 1 2 |  2.0
Short Blades   | 1 |  1.7
Long Blades    | 1 |  1.7
Axes           | 1 |  1.7
Maces & Flails | 1 |  1.7
Staves         | 1 |  1.7
Slings         | 1 |  1.7
Bows           | 1 |  1.7
Crossbows      | 1 |  1.7
Throwing       | 1 |  1.7
Stealth        | 1 |  1.7
Shields        | 1 |  1.7
Unarmed Combat | 1 |  1.7
Evocations     | 1 |  1.7
Armour         | 3 |  3.1
Conjurations   | 1 |  1.3
Hexes          | 1 |  1.3
Summonings     | 1 |  1.3
Necromancy     | 1 |  1.3
Translocations | 1 |  1.3
Transmutations | 1 |  1.3
Fire Magic     | 1 |  1.3
Ice Magic      | 1 |  1.3
Air Magic      | 1 |  1.3
Earth Magic    | 1 |  1.3
Poison Magic   | 1 |  1.3
Fighting       | |  4.9
Polearms       | |  4.9
Dodging        | |  4.9
Charms         | |  5.6

Action                   |  1- 3 |  4- 6 || total
-------------------------+-------+-------++-------
Melee: Spear             |    52 |    36 ||    88
       Bite              |     2 |     3 ||     5
       Punch             |       |     1 ||     1
 Cast: Infusion          |     2 |       ||     2
       Song of Slaying   |     2 |       ||     2
       Spectral Weapon   |     5 |     4 ||     9
       Regeneration      |     1 |       ||     1
  Use: Potion            |       |     1 ||     1
 Stab: Sleeping          |       |     1 ||     1
  Eat: Ration            |     1 |       ||     1
Armor: Leather armour    |     4 |     3 ||     7
Dodge: Dodged            |    19 |    18 ||    37

Table legend:
 A = Turns spent in this place as a percentage of turns spent in the entire game.
 B = Non-inter-level travel turns spent in this place as a percentage of non-inter-level travel turns spent in the entire game.
 C = Inter-level travel turns spent in this place as a percentage of turns spent in this place.
 D = Turns resting spent in this place as a percentage of non-inter-level travel turns spent in this place.
 E = Turns spent auto-exploring this place as a percentage of non-inter-level travel turns spent in this place.
 F = Non-inter-level travel turns spent in this place divided by the number of levels of this place that you've seen.
                   A       B       C       D       E      F
               +-------+-------+-------+-------+-------+----------------------
         Total | 100.0 | 100.0 |   4.2 |   0.0 |   0.0 | 104.6
       Dungeon | 100.0 | 100.0 |   4.2 |   0.0 |   0.0 | 104.6
               +-------+-------+-------+-------+-------+----------------------

Table legend:
 A = Kills in this place as a percentage of kills in entire the game.
 B = Kills by you in this place as a percentage of kills by you in the entire game.
 C = Kills by friends in this place as a percentage of kills by friends in the entire game.
 D = Other kills in this place as a percentage of other kills in the entire game.
 E = Experience gained in this place as a percentage of experience gained in the entire game.
 F = Experience gained in this place divided by the number of levels of this place that you have seen.
                   A       B       C       D       E      F
               +-------+-------+-------+-------+-------+----------------------
         Total | 100.0 | 100.0 |   N/A |   N/A | 100.0 |  68.8
       Dungeon | 100.0 | 100.0 |   N/A |   N/A | 100.0 |  68.8
               +-------+-------+-------+-------+-------+----------------------

Levels and vault maps discovered:
D:1:      scummos_arrival_forest, layout_basic
D:2:      layout_basic, serial_curves, eino_curves_04, eino_curves_04,
          minmay_misc_feat_encased
D:3:      layout_basic, lemuel_crystal_altar, chequers_ecumenical_altar_grove,
          hangedman_decor_clover_reticule
D:4:      layout_loops_cross, lemuel_doored_altar, uniq_robin, uniq_menkaure
D:5:      layout_loops_cross, first_ration, serial_shops, kennysheep_mini_moat,
          nicolae_qazlal_general_emergency
